 Dungeon Crawl Stone Soup version 0.29-a0-911-g88e6f02907 (webtiles) character file.

Game seed: 17022204322809461851

6543 snetch the Thaumaturge (level 11, -6/67 HPs)
             Began as a Djinni Fire Elementalist on July 22, 2022.
             Was a Priest of Cheibriados.
             Mangled by a komodo dragon (15 damage)
             ... on level 8 of the Dungeon on July 25, 2022.
             The game lasted 00:42:03 (9994 turns).

snetch the Thaumaturge (Djinni Fire Elementalist)   Turns: 9994, Time: 00:42:04

Health: -6/67      AC: 17    Str: 19    XL:     11   Next: 20%
Gold:   357        EV:  7    Int: 27    God:    Cheibriados [***...] SH:  0 Dex: 17

rFire   + + +      SeeInvis .   a - +11 dagger "Uzoyg" {antimagic, Str+6 Dex-3}
rCold   x . .      Faith    .   (no shield)
rNeg    . . .      Spirit   .   B - +4 ring mail
rPois   ∞          Reflect  .   n - +5 helmet of Ogyopt {Drain rPois rF+}
rElec   .          Harm     .   (no cloak)
rCorr   .          Rampage  .   e - +0 pair of gloves
Will    +....                   (boots unavailable)
Stlth   ++........              (no amulet)
HPRegen 0.21/turn               (no ring)
MPRegen 0.00/turn               (no ring)

@: petrifying (expiring), flying, very slow
A: sickness immunity, fire resistance 2, cold vulnerability 1, float, innate
caster, HP casting, extra vitality 1
a: Renounce Religion, Bend Time, Temporal Distortion


You were on level 8 of the Dungeon.
You worshipped Cheibriados.
Cheibriados was most pleased with you.
You visited 2 branches of the dungeon, and saw 9 of its levels.
You also visited: Bailey.

You collected 357 gold pieces.

Inventory:

Hand Weapons
 a - the +11 dagger "Uzoyg" (weapon) {antimagic, Str+6 Dex-3}
   (You found it on level 4 of the Dungeon)

   It reduces the magical energy of the wielder, and disrupts the spells and
   magical abilities of those it strikes.
   Natural abilities and divine invocations are not affected.
   Str:       It affects your strength (+6).
   Dex:       It affects your dexterity (-3).
Missiles
 b - 5 boomerangs
 f - 5 atropa-tipped darts
 p - 43 stones
 u - 6 poisoned darts
 H - 5 javelins
Armour
 e - a +0 pair of gloves (worn)
 n - the +5 helmet of Ogyopt (worn) {Drain rPois rF+}
   (You found it on level 3 of the Dungeon)

   rF:        It protects you from fire.
   rPois:     It protects you from poison.
   Drain:     It drains your maximum health when unequipped.
 B - a +4 ring mail (worn)
Magical Staves
 I - a staff of cold
Wands
 y - a wand of roots (9)
 K - a wand of charming (6)
Scrolls
 c - 3 scrolls of torment {unknown}
 d - a scroll of enchant armour {unknown}
 h - a scroll of fog {unknown}
 k - 2 scrolls of vulnerability {unknown}
 l - 2 scrolls of enchant weapon {unknown}
 m - 3 scrolls of blinking {unknown}
 r - 8 scrolls of teleportation {unknown}
 s - 5 scrolls of identify {unknown}
 t - a scroll of summoning {unknown}
 v - 2 scrolls of amnesia {unknown}
 w - 3 scrolls of immolation {unknown}
 A - a scroll of fear {unknown}
 F - a scroll of poison {unknown}
Potions
 g - 5 potions of brilliance {unknown}
 i - a potion of invisibility
 j - 2 potions of flight {unknown}
 o - 2 potions of berserk rage {unknown}
 q - 3 potions of mutation {unknown}
 x - 3 potions of heal wounds
 z - 6 potions of curing {unknown}
 C - a potion of lignification {unknown}
 D - 2 potions of haste {unknown}
 E - a potion of degeneration {unknown}
 G - a potion of cancellation {unknown}
 J - a potion of might {unknown}


   Skills:
 + Level 1.4 Fighting
 + Level 2.7 Short Blades
 + Level 5.8 Armour
 + Level 4.8 Dodging
 + Level 4.0 Stealth
 + Level 10.8 Spellcasting


You had 5 spell levels left.
You knew the following spells:

 Your Spells              Type           Power      Damage    Failure   Level
a - Foxfire               Conj/Fire      100%       2x1d9     1%          1
b - Scorch                Fire           100%       2d10      1%          2
c - Conjure Flame         Conj/Fire      65%        6-21      1%          3
d - Inner Flame           Hex/Fire       65%        N/A       1%          3
e - Flame Wave            Conj/Fire      65%        2d12      1%          4
f - Sting                 Tmut/Pois      100%       1d8       1%          1
g - Call Imp              Summ           65%        N/A       1%          2
h - Call Canine Familiar  Summ           65%        N/A       1%          3
i - Stone Arrow           Conj/Erth      100%       3d13      1%          3
j - Leda's Liquefaction   Hex/Erth       32%        N/A       1%          4
Your spell library was empty.

Dungeon Overview and Level Annotations

Branches:
Dungeon (8/15)             Temple (1/1) D:6          Bailey (visited)
   Lair: D:8-11

Altars:
Ashenzari
Cheibriados
Dithmenos
Elyvilon
Hepliaklqana
Makhleb
Nemelex Xobeh
Okawaru
Qazlal
Ru
Trog
Uskayaw
Wu Jian
Xom
Yredelemnul
Zin
The Shining One

Shops:
D:1 (


Innate Abilities, Weirdness & Mutations

You are immune to sickness and miasma.
You are immune to poison.
Your flesh is very heat resistant. (rF++)
You are vulnerable to cold. (rC-)
You float through the air rather than walking.
You learn spells naturally, not from books.
Your magical power is your life essence.
You have superior vitality. (+4 MHP)


Message History

The basilisk is severely wounded.
The flame wave engulfs the komodo dragon.
The komodo dragon is moderately wounded. (Press . to intensify the flame waves.)
The komodo dragon bites you!! The basilisk gazes at you.
You are slowing down.
The swamp drake breathes poison at you.
The noxious blast engulfs the komodo dragon but does no damage.
The komodo dragon is poisoned.
A wave of flame ripples out!
The flame wave engulfs the basilisk!
You kill the basilisk!
Cheibriados thoroughly appreciates the change of pace.
The flame wave engulfs the orc warrior!
The orc warrior is heavily wounded.
The flame wave engulfs the komodo dragon.
The komodo dragon is heavily wounded.
The komodo dragon is engulfed in noxious fumes.
The komodo dragon bites you!!
* * * LOW HITPOINT WARNING * * *
A wyvern comes into view.
The orc warrior is engulfed in noxious fumes.
The orc warrior hits you but does no damage.
The komodo dragon is engulfed in noxious fumes.
The komodo dragon appears confused.
The orc warrior is engulfed in noxious fumes.
The orc warrior appears confused.
The orc warrior hits you but does no damage.
Your limbs are stiffening.
A wave of flame ripples out!
The flame wave engulfs the orc warrior.
The orc warrior is severely wounded.
The flame wave engulfs the swamp drake!
The swamp drake is heavily wounded.
The flame wave engulfs the komodo dragon.
The komodo dragon is severely wounded.
* * * LOW HITPOINT WARNING * * *
You finish channelling waves of flame.
The komodo dragon is engulfed in noxious fumes.
The komodo dragon bites you!!
You die...

#.....#.#.......##.#
#################### #
#### ..#. ####...
...#?#############...###
....°°°°#.##..##..#### #
#l.°°k@°.###....## #
#.#.##ol°...†...##
############


You could see a komodo dragon (confused, poisoned), a swamp drake (catching
breath), an orc warrior (confused) and a wyvern.

Vanquished Creatures
  2 two-headed ogres
  Pikel (D:5)
  Joseph (D:7)
  A komodo dragon (D:8)
  Grinder (D:6)
  A hornet (D:7)
  5 spriggans (Bailey)
  A wyvern (D:8)
  Sigmund (D:3)
  A basilisk (D:8)
  2 steam dragons
  An orc warrior (D:7)
  A black bear (D:5)
  An ice beast (D:8)
  6 ogres
  A centaur (D:6)
  2 phantoms
  A bullfrog (D:6)
  2 scorpions (D:6)
  6 wights (D:7)
  2 jellies (D:6)
  3 hounds
  3 orc priests
  5 iguanas
  3 gnoll boudas
  8 orc wizards
  Robin (D:3)
  11 gnolls
  8 adders
  A worm (D:2)
  4 dart slugs
  25 orcs
  10 endoplasms
  A giant cockroach (D:4)
  14 goblins
  8 hobgoblins
  7 jackals
  5 kobolds
  2 quokkas
  6 ball pythons
  8 bats
  5 frilled lizards
  4 rats
182 creatures vanquished.

Vanquished Creatures (collateral kills)
  4 gnolls (D:8)
  3 foxfires (D:3)
7 creatures vanquished.

Vanquished Creatures (others)
  419 foxfires
419 creatures vanquished.

Grand Total: 608 creatures vanquished

Notes
Turn   | Place    | Note
-------+----------+-------------------------------------------
     0 | D:1      | snetch the Djinni Fire Elementalist began the quest for the
                  | Orb.
     0 | D:1      | snetch set off with the following spells memorised:
                  | Foxfire, Scorch, Conjure Flame, Inner Flame, Flame Wave.
     0 | D:1      | Reached XP level 1. HP: 15/15 MP: 0/0
   197 | D:1      | Reached XP level 2. HP: 8/21 MP: 0/0
   610 | D:1      | Found Qucwyvuz's Antique Weapon Emporium.
   823 | D:1      | Reached skill level 3 in Spellcasting
   823 | D:1      | Reached XP level 3. HP: 23/25 MP: 0/0
   823 | D:1      | Learned a level 1 spell: Sting
  1770 | D:3      | Identified the +5 helmet of Ogyopt {Drain rPois rF+}
  2042 | D:3      | Reached XP level 4. HP: 10/31 MP: 0/0
  2260 | D:1      | Upgraded the game from 0.29-a0-892-g2c4c91d9db to
                  | 0.29-a0-911-g88e6f02907
  2959 | D:3      | Found a sacrificial altar of Ru.
  3003 | D:3      | Noticed Sigmund
  3012 | D:3      | Killed Sigmund
  3013 | D:3      | Reached skill level 4 in Spellcasting
  3013 | D:3      | Reached XP level 5. HP: 24/35 MP: 0/0
  3013 | D:3      | Learned a level 2 spell: Call Imp
  3013 | D:3      | Reached XP level 6. HP: 27/40 MP: 0/0
  3251 | D:3      | Noticed Robin
  3261 | D:3      | Killed Robin
  4349 | D:4      | Identified the +11 dagger "Uzoyg" {antimagic, Str+6 Dex-3}
  4364 | D:5      | Entered Level 5 of the Dungeon
  4478 | D:5      | Reached XP level 7. HP: 39/45 MP: 0/0
  4478 | D:5      | Learned a level 3 spell: Call Canine Familiar
  4773 | D:5      | Reached skill level 1 in Armour
  4867 | D:5      | Reached skill level 5 in Spellcasting
  5109 | D:5      | Found a sparkling altar of Nemelex Xobeh.
  5122 | D:5      | Reached skill level 1 in Short Blades
  5304 | D:5      | Reached XP level 8. HP: 46/50 MP: 0/0
  5394 | D:6      | Found a staircase to the Ecumenical Temple.
  5403 | Temple   | Entered the Ecumenical Temple
  5505 | Temple   | Became a worshipper of Cheibriados the Contemplative
  5542 | D:6      | Found an ornate altar of the Wu Jian Council.
  5614 | D:5      | Noticed Pikel
  5625 | D:5      | Killed Pikel
  5626 | D:5      | Reached skill level 6 in Spellcasting
  5928 | D:5      | Reached skill level 1 in Fighting
  5928 | D:5      | Reached XP level 9. HP: 15/57 MP: 0/0
  5928 | D:5      | Learned a level 3 spell: Stone Arrow
  6149 | D:5      | Found a white marble altar of Elyvilon.
  6545 | D:6      | Noticed Grinder
  6552 | D:6      | Killed Grinder
  6553 | D:6      | Reached skill level 7 in Spellcasting
  6553 | D:6      | Found a bloodstained altar of Trog.
  6650 | D:6      | Reached * piety under Cheibriados
  7162 | D:6      | Found a burning altar of Makhleb.
  7163 | D:6      | Found a stormy altar of Qazlal.
  7532 | D:7      | Noticed a hornet
  7537 | D:7      | Killed a hornet
  7538 | D:7      | Reached skill level 8 in Spellcasting
  7801 | D:8      | Noticed a two-headed ogre
  7807 | D:8      | Killed a two-headed ogre
  7808 | D:8      | Reached XP level 10. HP: 11/63 MP: 0/0
  7960 | D:8      | Found a flagged portal.
  7973 | Bailey   | Entered a bailey
  8146 | Bailey   | Reached skill level 9 in Spellcasting
  8160 | Bailey   | Reached ** piety under Cheibriados
  8200 | Bailey   | Reached skill level 5 in Armour
  8294 | Bailey   | Noticed a two-headed ogre
  8302 | Bailey   | Killed a two-headed ogre
  8326 | Bailey   | Identified the +5 long sword of Causality {chaos, Contam
                  | rF+ rC++ rCorr}
  8338 | Bailey   | Reached skill level 10 in Spellcasting
  8800 | D:7      | Noticed Joseph
  8804 | D:7      | Killed Joseph
  8805 | D:7      | Reached XP level 11. HP: 33/67 MP: 0/0
  8805 | D:7      | Learned a level 4 spell: Leda's Liquefaction
  9368 | D:7      | Found a faded altar of an unknown god.
  9370 | D:7      | Found a hazy altar of Hepliaklqana.
  9370 | D:7      | Found a faded altar of an unknown god.
  9988 | D:8      | Reached *** piety under Cheibriados
  9994 | D:8      | Mangled by a komodo dragon

Illustrated notes

Levels and vault maps discovered:
D:1:      lightli_arrival_isolated_outpost, layout_loops_ring, serial_shops,
          shop, minmay_misc_feat_iff
D:2:      layout_basic, nrook_uturn, kennysheep_big_empty_room,
          hangedman_decor_clover_reticule, nrook_mini_backslash
D:3:      layout_basic, nicolae_ru_path_of_blood, mainiacjoe_overflow_24_doors,
          kennysheep_another_room, dreamdust_princess_bridge,
          minmay_close_crescents, uniq_robin, uniq_sigmund
D:4:      layout_rooms
D:5:      layout_loops_ring, mainiacjoe_overflow_chevrons,
          nemelex_dance_club_becter, uniq_pikel
D:6:      layout_gridville, old_standard_altar,
          pdpol_wu_jian_five_deadly_venoms, gammafunk_temple_overflow_pools,
          minmay_temple_entry_drinking_statues, uniq_grinder
D:7:      layout_loops_ring, nicolae_hepliaklqana_ecumenical_no_more,
          uniq_joseph
D:8:      layout_loops_ring, fedhas_altar_3, erik_lair_dragon, enter_bailey_6
Temple:   hellmonk_temple_of_storms

Skill      XL: |  1  2  3  4  5  6  7  8  9 10 11 |
---------------+----------------------------------+-----
Spellcasting   | 3 4 5 6 8 10 | 10.8
Stealth        | 2 3 4 |  4.0
Armour         | 2 3 4 5 |  5.8
Short Blades   | 1 2 |  2.7
Fighting       | 1 |  1.4
Dodging        | 3 4 |  4.8

Action                   |  1- 3 |  4- 6 |  7- 9 | 10-12 || total
-------------------------+-------+-------+-------+-------++-------
Melee: Dagger            |     8 |    16 |    39 |     2 ||    65
       Punch             |       |     1 |     1 |       ||     2
 Cast: Foxfire           |    62 |    73 |    55 |    57 ||   247
       Scorch            |     6 |    14 |    49 |    61 ||   130
       Call Imp          |       |     2 |       |       ||     2
       Call Canine Famil |       |       |     3 |     1 ||     4
       Stone Arrow       |       |       |    14 |     1 ||    15
       Flame Wave        |       |       |       |     3 ||     3
 Stab: Sleeping          |     1 |       |       |       ||     1
Armor: Robe              |     4 |     1 |       |       ||     5
       Leather armour    |       |     6 |       |       ||     6
       Ring mail         |       |       |    35 |    13 ||    48
Dodge: Dodged            |    18 |    16 |    37 |    13 ||    84

Table legend: (Time is in decaauts)
 A = Elapsed time spent in this place.
 B = Non-inter-level travel time spent in this place.
 C = Inter-level travel time spent in this place.
 D = Time resting spent in this place.
 E = Time spent auto-exploring this place.
 F = Levels seen in this place.
 G = Mean time per level.
                   A        B        C        D        E       F      G
               +--------+--------+--------+--------+--------+-----+--------+
         Total |  10855 |  10417 |    438 |    463 |   7624 |  10 | 1085.5 |
       Dungeon |   9912 |   9474 |    438 |    463 |   6964 |   8 | 1239.0 |
        Temple |    121 |    121 |      0 |      0 |     24 |   1 |  121.0 |
        Bailey |    821 |    821 |      0 |      0 |    635 |   1 |  821.0 |
               +--------+--------+--------+--------+--------+-----+--------+

Top non-repeatable levels by time:
     D:7: 1712 daAuts
     D:5: 1601 daAuts
     D:1: 1532 daAuts
     D:3: 1489 daAuts
     D:6: 1192 daAuts
     D:2: 1053 daAuts
  Bailey: 821 daAuts
     D:8: 680 daAuts
     D:4: 650 daAuts
  Temple: 121 daAuts
